cohdb
Replays
Latest Replays
All Replays
Popular Replays
Top Player Replays
Match Explorer
How It Works
Community
CoH3 Stats
Reddit
Sign in to upload your games and track your stats! →
Sign in with Steam
Match 43801807
Unlisted
Match 43801807
Overview
Messages
Build Orders
End
Selects Armored Battlegroup
Selects Assault Engineers
Assault Engineer Squad
Construct Weapon Support Center
Construct Barracks
Riflemen Squad
Riflemen Squad
Assault Engineer Squad
Construct Medical Station
Riflemen Squad
Selects Field Repairs
Grenade Package
Scout Squad
Mechanized Support Center
Riflemen Squad
Construct Tank Depot
Selects War Machine
M4A1 76mm Conversion
Riflemen Squad
Si2slow
OYS
dan legend
world_flyer
KR_Dante
JangHan
Robert Builder
Sitonia
0
0
Comments
sign in to comment!
No comments posted yet!